 Dungeon Crawl Stone Soup version 0.21-a0-442-g848f44b (webtiles) character file.

4977 Gildeon the Chopper (level 10, 0/81 HPs)
             Began as a Minotaur Fighter on Nov 14, 2017.
             Was a Priest of Qazlal.
             Slain by a two-headed ogre
             ... wielding a +0 giant club
              (15 damage)
             ... on level 9 of the Dungeon.
             The game lasted 00:51:15 (7337 turns).

Gildeon the Chopper (Minotaur Fighter)              Turns: 7337, Time: 00:51:16

Health: 0/81       AC: 17    Str: 25    XL:     10   Next: 29%
Magic:  16/16      EV:  7    Int:  5    God:    Qazlal [***...]
Gold:   416        SH: 14    Dex: 11    Spells: 19/19 levels left

rFire    . . .     SeeInvis .   B - +3 war axe (chop)
rCold    . . .     Gourm    .   c - +0 shield
rNeg     . . .     Faith    .   C - +0 plate armour
rPois    .         Spirit   .   (helmet restricted)
rElec    .         Reflect  .   (no cloak)
rCorr    .         Harm     .   (no gloves)
MR       .....                  (no boots)
Stlth    ..........             (no amulet)
HPRegen  0.23/turn              i - +3 ring of protection
MPRegen  0.15/turn              a - ring of wizardry

@: hasted, very quick
A: retaliatory headbutt, horns 2, iridescent scales 1, agile 1, blink
a: Blink, Upheaval, Elemental Force, Renounce Religion


You were on level 9 of the Dungeon.
You worshipped Qazlal.
Qazlal was most pleased with you.
You were not hungry.

You visited 1 branch of the dungeon, and saw 9 of its levels.
You also visited: Sewer.

You collected 416 gold pieces.

Inventory:

Hand Weapons
 B - a +3 war axe of chopping (weapon)
Missiles
 y - 4 tomahawks (quivered)
Armour
 b - a +0 scale mail
 c - a +0 shield (worn)
 e - a +0 ring mail
 j - a +0 leather armour
 r - a +0 chain mail
 x - a +0 large shield
 C - a +0 plate armour (worn)
Jewellery
 a - a ring of wizardry (right hand)
 i - a +3 ring of protection (left hand)
Wands
 A - a wand of enslavement (8/24)
Scrolls
 l - 4 scrolls of remove curse
 p - 3 scrolls of recharging
 s - 2 scrolls of amnesia
 t - 2 scrolls of teleportation
Potions
 d - a potion of brilliance {unknown}
 h - a potion of cancellation
 m - 4 potions of flight
 q - 2 potions of curing
 v - 2 potions of lignification
 z - 2 potions of berserk rage {unknown}
Comestibles
 f - 4 bread rations
 k - 12 fruits
 n - 3 meat rations
 o - 9 chunks of flesh
 w - 2 royal jellies


   Skills:
 - Level 5.1 Fighting
 + Level 6.1 Axes
 - Level 5.9 Throwing
 - Level 5.1 Armour
 - Level 5.1 Dodging
 - Level 5.6 Shields
 - Level 5.1 Spellcasting
 - Level 5.0 Invocations
 - Level 5.1 Evocations


You had 19 spell levels left.
You didn't know any spells.

Dungeon Overview and Level Annotations

Branches:
Dungeon (9/15)             Temple (0/1) D:7             Orc (0/2) D:9
   Lair: D:8-11

Altars:
Ashenzari
Cheibriados
Dithmenos
Elyvilon
Hepliaklqana
Kikubaaqudgha
Makhleb
Nemelex Xobeh
Qazlal
Trog
The Shining One


Innate Abilities, Weirdness & Mutations

You reflexively headbutt those who attack you in melee.
You have a pair of horns on your head.
You are partially covered in iridescent scales. (AC +2)
You are agile. (Dex +2)
You can translocate small distances at will.


Message History

The bullfrog hits you but does no damage.
You feel better.
The centaur warrior zombie is engulfed in freezing vapours.
The centaur warrior zombie closely misses you.
The two-headed ogre is engulfed in freezing vapours.
You block the two-headed ogre's attack. x2; The bullfrog hits you.
* * * LOW HITPOINT WARNING * * *
You feel better.
You block the centaur warrior zombie's attack.
You slash the two-headed ogre!
You headbutt the two-headed ogre, but do no damage.
The two-headed ogre is heavily wounded.
You hit the bullfrog.
Your shield and plate armour prevent you from hitting the centaur warrior zombie.
The bullfrog hits you.
* * * LOW HITPOINT WARNING * * *
The two-headed ogre is engulfed in freezing vapours.
You block the two-headed ogre's attack.
The two-headed ogre hits you with a giant spiked club!
You die...

.............≈≈≈≈≈≈≈#
≈≈.≈..≈≈≈≈≈≈.≈≈≈≈≈≈≈#
.
.>.............≈≈≈≈≈#
≈.≈≈≈.≈≈≈≈≈≈.≈.≈≈≈≈≈#
......≈≈≈≈≈≈.≈..≈≈≈≈#
...≈..≈≈≈≈≈≈.≈≈.≈≈≈≈#
≈..≈..≈≈≈≈≈≈.≈≈..≈≈≈#
≈..≈..≈≈≈≈≈≈.§O≈.≈≈≈##
≈>............@.......
..≈..≈≈≈≈≈≈.FZ≈≈.≈≈###
≈≈≈≈≈.≈≈≈≈.≈≈#
≈≈≈≈≈.≈≈≈≈.≈≈#
≈≈≈≈≈.≈≈≈≈..≈#
h≈≈≈≈.≈≈≈≈≈.≈#
≈≈≈≈≈.≈≈≈≈≈.≈#
≈≈≈≈≈.≈≈≈≈≈..#


You could see a two-headed ogre, a bullfrog, a hound and a centaur warrior
zombie.

Vanquished Creatures
  The ghost of theanonym the Basher, a novice FoFi of Cheibriados (D:5)
  3 gargoyles (D:7)
  Prince Ribbit (D:8)
  2 hippogriffs
  Sigmund (D:4)
  Duvessa (D:7)
  A phantom (D:6)
  A sky beast (D:5)
  3 orc warriors
  An ice beast (D:6)
  6 ogres
  2 centaurs
  2 big kobolds
  4 bullfrogs
  A gnoll sergeant (D:7)
  2 scorpions (D:5)
  A water moccasin skeleton (D:5)
  Dowan (D:7)
  An electric eel (D:9)
  4 howler monkeys
  5 crimson imps
  A centaur zombie (D:6)
  A hound (D:6)
  A jelly (D:8)
  3 orc priests
  2 orc wizards
  A bullfrog skeleton (D:5)
  3 iguanas
  A hound skeleton (D:7)
  A howler monkey skeleton (D:6)
  2 worker ant zombies
  6 adders
  17 gnolls
  3 river rats (Sewer)
  2 shadow imps (D:7)
  3 oozes
  2 adder skeletons
  5 worms
  2 dart slugs (D:1)
  9 leopard geckos
  11 orcs
  7 giant cockroaches
  9 goblins
  8 hobgoblins
  10 jackals
  12 kobolds
  2 quokkas (D:6)
  7 bats
  5 frilled lizards
  A jackal skeleton (D:6)
  2 leopard gecko skeletons (D:4)
  11 rats
194 creatures vanquished.

Vanquished Creatures (others)
  A gargoyle (D:7)
1 creature vanquished.

Grand Total: 195 creatures vanquished

Notes
Turn   | Place    | Note
-------+----------+-------------------------------------------
     0 | D:1      | Gildeon the Minotaur Fighter began the quest for the Orb.
     0 | D:1      | Reached XP level 1. HP: 19/19 MP: 0/0
    47 | D:1      | Reached skill level 3 in Axes
    47 | D:1      | Reached XP level 2. HP: 27/27 MP: 1/1
   295 | D:1      | Reached skill level 4 in Axes
   334 | D:1      | Reached XP level 3. HP: 33/33 MP: 2/2
   742 | D:2      | Reached skill level 5 in Axes
   763 | D:2      | Reached XP level 4. HP: 19/40 MP: 3/3
  1000 | D:2      | Reached skill level 5 in Fighting
  1003 | D:2      | Reached XP level 5. HP: 32/48 MP: 4/4
  1713 | D:2      | Found a sparkling altar of Nemelex Xobeh.
  2195 | D:3      | Found a bloodstained altar of Trog.
  2295 | D:3      | Found a shattered altar of Ashenzari.
  2301 | D:3      | Found a white marble altar of Elyvilon.
  2301 | D:3      | Found a shadowy altar of Dithmenos.
  2306 | D:3      | Found a stormy altar of Qazlal.
  2312 | D:3      | Became a worshipper of Qazlal Stormbringer
  2399 | D:3      | Found a stormy altar of Qazlal.
  2429 | D:3      | Reached skill level 5 in Armour
  2466 | D:3      | Found a glowing golden altar of the Shining One.
  2650 | D:4      | Found an ancient bone altar of Kikubaaqudgha.
  2650 | D:4      | Noticed Sigmund
  2658 | D:4      | Killed Sigmund
  2658 | D:4      | Reached skill level 5 in Shields
  2658 | D:4      | Reached XP level 6. HP: 42/56 MP: 5/5
  2860 | D:4      | Reached skill level 1 in Dodging
  2863 | D:4      | Found a burning altar of Makhleb.
  2985 | D:4      | Found a glowing drain.
  3004 | Sewer    | Entered a sewer
  3094 | Sewer    | Reached * piety under Qazlal
  3096 | Sewer    | Reached XP level 7. HP: 61/61 MP: 6/6
  3116 | Sewer    | Found a white marble altar of Elyvilon.
  3334 | D:5      | Entered Level 5 of the Dungeon
  3452 | D:5      | Reached skill level 5 in Dodging
  3512 | D:5      | Reached skill level 1 in Throwing
  3731 | D:5      | Noticed theanonym's ghost (novice FoFi)
  3750 | D:5      | Killed theanonym's ghost
  3750 | D:5      | Reached skill level 5 in Throwing
  3750 | D:5      | Reached XP level 8. HP: 27/68 MP: 7/7
  3765 | D:5      | Reached skill level 1 in Spellcasting
  4037 | D:5      | Reached ** piety under Qazlal
  4579 | D:6      | Reached skill level 1 in Evocations
  4712 | D:6      | Reached XP level 9. HP: 65/74 MP: 13/13
  4860 | D:6      | Found a snail-covered altar of Cheibriados.
  5305 | D:6      | Found a hazy altar of Hepliaklqana.
  5494 | D:7      | Noticed a gargoyle
  5511 | D:7      | Killed a gargoyle
  5511 | D:7      | Reached skill level 5 in Spellcasting
  5635 | D:7      | Noticed a gargoyle
  5642 | D:7      | Killed a gargoyle
  5692 | D:7      | Noticed a gargoyle
  5693 | D:7      | Noticed a gargoyle
  5710 | D:7      | Killed a gargoyle
  5718 | D:7      | Killed a gargoyle
  6079 | D:7      | Reached skill level 5 in Invocations
  6100 | D:7      | Noticed Dowan
  6110 | D:7      | Killed Dowan
  6138 | D:7      | Noticed Duvessa
  6145 | D:7      | Killed Duvessa
  6246 | D:7      | Reached XP level 10. HP: 54/81 MP: 16/16
  6292 | D:7      | Reached *** piety under Qazlal
  6628 | D:7      | Found a staircase to the Ecumenical Temple.
  6638 | D:7      | Found a sparkling altar of Nemelex Xobeh.
  6851 | D:8      | Noticed Prince Ribbit
  6883 | D:8      | Killed Prince Ribbit
  6886 | D:8      | Reached skill level 5 in Evocations
  7268 | D:9      | Reached skill level 6 in Axes
  7295 | D:9      | Found a staircase to the Orcish Mines.
  7321 | D:9      | Noticed a two-headed ogre
  7331 | D:9      | Gained mutation: You are agile. (Dex +2) [potion of mutation]
  7331 | D:9      | Gained mutation: You can translocate small distances at will. [potion of mutation]
  7331 | D:9      | Gained mutation: You are partially covered in iridescent scales. (AC +2) [potion of mutation]
  7337 | D:9      | Slain by a two-headed ogre

Vault maps used:
D:1:      erik_arrival_gehennom
D:2:      nemelex_dance_club_becter
D:3:      lemuel_round_altar, nicolae_overflow_crystal_walls, minitemple,
          lemuel_tele_altar
D:4:      kiku_gazebo_garden_becter, kennysheep_mini_moat, gup_sewer_entry_pipe,
          uniq_sigmund
D:5:      first_bread
D:6:      marbit_many_paths, kennysheep_little_box
D:7:      cheibrodos_statue_roulette, nemelex_xobeh_ov_fountains_minmay,
          minmay_temple_entry_overgrown, uniq_duvessa
D:8:      uniq_prince_ribbit1
D:9:      lemuel_doored_altar, orc_0_dummy, blue_anna_alchemist
Sewer:    sewer_kobolds

Skill      XL: |  1  2  3  4  5  6  7  8  9 10 |
---------------+-------------------------------+-----
Axes           | 3 4 5 6 |  6.1
Fighting       | 5 |  5.1
Armour         | 5 |  5.1
Shields        | 5 |  5.6
Dodging        | 3 5 |  5.1
Throwing       | 5 |  5.9
Spellcasting   | 3 5 |  5.1
Evocations     | 1 3 5 |  5.1
Invocations    | 5 |  5.0

Action                   |  1- 3 |  4- 6 |  7- 9 | 10-12 || total
-------------------------+-------+-------+-------+-------++-------
Melee: War axe           |    68 |   165 |   225 |    69 ||   527
       Headbutt          |     5 |    28 |    44 |    14 ||    91
Throw: Throwing net      |       |       |     8 |     6 ||    14
       Tomahawk          |       |       |    12 |     6 ||    18
  Use: Scroll            |     6 |    10 |     5 |     2 ||    23
       Potion            |       |     1 |     6 |     5 ||    12
 Stab: Invisible         |       |       |     2 |       ||     2
  Eat: Chunk             |       |     3 |     3 |     2 ||     8
       Bread ration      |       |     1 |     2 |       ||     3
Armor: Scale mail        |    44 |     7 |       |       ||    51
       Chain mail        |       |    76 |    85 |    17 ||   178
       Plate armour      |       |       |       |     8 ||     8
Dodge: Dodged            |    17 |    32 |    65 |    24 ||   138
Block: Shield            |    40 |   114 |   133 |    51 ||   338

Table legend:
 A = Spawn XP
 B = Non-spawn XP
 C = Spawn XP percentage of total XP
 D = Spawn monster count
 E = Non-spawn monster count
 F = Spawn count percentage of total count
 G = Total turns spent on level
                    A         B        C        D         E        F      G
               +---------+---------+-------+---------+---------+-------+---------
         Total |       0 |    7110 |   0.0 |       0 |     195 |   0.0 |  7337
               +---------+---------+-------+---------+---------+-------+---------
           D:1 |       0 |      59 |   0.0 |       0 |      28 |   0.0 |   836
           D:2 |       0 |     184 |   0.0 |       0 |      29 |   0.0 |  1279
           D:3 |       0 |     101 |   0.0 |       0 |      14 |   0.0 |   535
           D:4 |       0 |     263 |   0.0 |       0 |      17 |   0.0 |   526
           D:5 |       0 |    1520 |   0.0 |       0 |      29 |   0.0 |  1014
           D:6 |       0 |    1143 |   0.0 |       0 |      27 |   0.0 |  1070
           D:7 |       0 |    2270 |   0.0 |       0 |      23 |   0.0 |  1344
           D:8 |       0 |    1185 |   0.0 |       0 |      12 |   0.0 |   473
           D:9 |       0 |     240 |   0.0 |       0 |       5 |   0.0 |   102
         Sewer |       0 |     145 |   0.0 |       0 |      11 |   0.0 |   158
               +---------+---------+-------+---------+---------+-------+---------
